[Event "44th Chess Olympiad Open 2022"]
[Site "Chennai"]
[Date "2022.07.29"]
[Round "1.52"]
[White "Salim Mohammed, Salim Al Amri"]
[Black "Gomez, John Paul"]
[Result "0-1"]
[WhiteElo "1917"]
[BlackElo "2451"]
[Annotator "TA"]
[PlyCount "80"]
[EventDate "2022.??.??"]
[TimeControl "60"]

1. c4 e5 2. Nc3 Bb4 3. Nd5 Bc5 4. b4 Bd6 {[%emt 0:00:57] [#]} 5. a3 $146 ({Predecessor:} 5. c5 Bf8 6. Bb2 d6 7. d4 exd4 8. Qxd4 dxc5 9.
Qe5+ Kd7 10. O-O-O Bd6 11. Qxg7 {1-0 (11) Andreikin,D (2725)-Dowgird,F (2348)
Chess.com INT 2021}) 5... c6 6. Ne3 {[%emt 0:00:55] A21:
English Opening: 1...e5 2 Nc3.} Nf6 7. Bb2 O-O 8. d4 {[%emt 0:04:14][%cal Yd2d4,Yd4d5,Yd5d6] The
position is equal.} e4 9. d5 Bf4 ({Better is} 9... Re8 $1 $15) 10. d6 $1 $11 Bxe3 11. fxe3 c5 12. b5 {[%emt 0:
03:52] Against Nc6} (12. Nh3 $11) 12... Ng4 $2 (12... Qa5+ $1
$15 13. Qd2 Qxd2+ 14. Kxd2 Ne8) 13. Nh3 $1 $16 a6 14. a4 Nxe3 15. Qc1 (
15. Qb3 $5 Nf5 16. Qc3 $11) 15... Nf5 16. Qf4 e3 $2 17. Bc3 $2 (17. O-O-O
$16 {is necessary to keep the advantage.} Nd4 18. Qxe3 (18. Bxd4 cxd4 19. Rxd4
Qa5 $17)) 17... Nd4 $36 {[%emt 0:01:07] Black is in control.} 18. Kd1 {[%emt 0:
01:52] Inhibits Nc2.} (18. Ra2 $17) 18... axb5 $19 19. cxb5 {
[%emt 0:00:31] [#]} Nxb5 20. axb5 Rxa1+ {
[%emt 0:00:34] Remove Defender, Deflection} 21. Bxa1 Qa5 $1 22. Qxe3 Qxa1+ 23. Qc1 Qd4+ 24. Qd2 Qa1+ 25. Qc1 Qa4+ 26. Qc2 Qxb5 27. Ng5 g6 {[%emt 0:00:10] Threatens to win with ...c4.} 28.
Ne4 Qc6 (28... Qb4 $19 {And now ...Qd4+
would win.} 29. e3 b5 30. Nf6+ Kg7) 29. g4 {[%emt 0:02:44] [#]} (29. Kc1 $17)
29... Qd5+ $1 30. Ke1 {[%emt 0:00:38] aiming for Nf6+.} Qe5 {
[%emt 0:01:04] Inhibits Nf6+. White must now prevent ...b5.} 31. g5 b6 32. Bg2 Kh8 {[%emt 0:00:35]
Hoping for ...Bb7.} 33. Nf6 Qxd6 (33... Qxg5
$17 34. Qb2 Qh4+ 35. Kd2 Qf4+ 36. Kc2 Qa4+ 37. Kd2 Qa5+ 38. Kc2 Qa4+ 39. Kd2
Qf4+ 40. Kc2 Qc4+ 41. Kd1 Qb4) 34. Rf1 ({White should play} 
34. Qc3 $15 Qd4 35. Qxd4 cxd4 36. h4) 34... Nc6 (34... Qxh2 $2
{[#]} 35. Rh1 $1 Qxh1+ 36. Bxh1 $18) 35. e3 $2 (35. Qe4 Qd4
36. Qxd4 Nxd4 37. Kd2) 35... Qe5 36. Ng4 Qxg5 37. Qc3+ f6 38. Nxf6 {
[%emt 0:03:10] Threatening mate with Ne8+.} Qe5 {[%emt 0:00:09] Prevents Ne8.}
39. Qxe5 Nxe5 40. Bd5 $2 (
40. Nd5 Rd8 41. Nxb6) 40... Ba6 {[%emt 0:00:31] Weighted Error Value: White=0.
58/Black=0.44} 0-1

[Event "44th Chess Olympiad Open 2022"]
[Site "Chennai"]
[Date "2022.07.29"]
[Round "1.52"]
[White "Al Busaidi, Hamood"]
[Black "Bersamina, Paulo"]
[Result "0-1"]
[WhiteElo "1743"]
[BlackElo "2429"]
[Annotator "TA"]
[PlyCount "74"]
[EventDate "2022.??.??"]
[TimeControl "60"]

1. e4 c5 2. Nf3 d6 3. d4 cxd4 4. Nxd4 Nf6 5. Nc3 Nc6 6. Be2 e5 7. Nf3 {[%emt 0:00:
00] is cutting edge theory.} h6 8. O-O Be6 9. h3 {[%emt 0:02:25] B58: Classical Sicilian: 6 Be2.} d5 10. exd5 (10. Bb5 {feels hotter.} d4 11. Ne2
Qc7 12. c3) 10... Nxd5 11. Nxd5 {[%emt 0:01:42] The position
is equal.} (11. Bd2 {keeps more tension.} Bc5 12. Bd3 O-O 13. Qe2) 11... Qxd5 12. Qxd5 Bxd5 {[%emt 0:00:02] [#]} 13. Be3
$146 ({Predecessor:} 13. Re1 O-O-O 14. Be3 {½-½ (14)
Zdebskaja,N (2422)-Bojkovic,N (2423) Subotica 2008}) 13... O-O-O 14. a3 f5 15. Rad1 f4 16. Bc1 Be7 17. b4 Bf6 18. Bb2 (18.
Rfe1 $11) 18... Rhe8 (18... e4 $1 $17 19. Nd4 f3 20. gxf3 exf3
) 19. Nd2 e4 20. Bg4+ Kc7 21. Bxf6 gxf6 22. c4 (22. Rfe1 $1 $15) 22... Bg8 23. Rfe1 Re5 24. Be2 Nd4 $36 {[%emt 0:00:00]
Keeping White busy.} 25. Rc1 f5 {[%emt 0:00:00] 0x0.
00208942954edp-1022s more active pieces.} 26. c5 (26. Nb1 $17
{was called for.}) 26... Nxe2+ $19 27. Rxe2 {[%emt 0:00:00] 
[#]} Red5 $1 28. Nb1 {[%emt 0:03:13] [#]} Rd1+ $1 29. Re1 Rxe1+ 30. Rxe1 {[%emt 0:00:02]
Endgame KRB-KRN} Rd3 {[%emt 0:00:58] Inhibits Nc3. Hoping for ...e3.} 31. Rc1 e3 32. Kf1 Rb3 33. Nc3 $2 (33. fxe3 $17 fxe3 34. Ke2) 33... Rb2 $2 (33... Bc4+ $19 34. Ne2 Bb5) 34. Ne2 $1 $15 Rd2 {[%emt 0:05:18][%cal Yg8c4] Strongly threatening ...Bc4!} 35. f3 $2 {
[%emt 0:00:56] [#]} (35. fxe3 $15 fxe3 36. g3) 35... Bc4 $1 $19 {[%emt 0:00:16]
Black is clearly winning.} 36. Re1 Kc6 37. a4 a5 {[%emt 0:00:23] Weighted Error Value: White=0.63/Black=0.
26 (precise)} 0-1

[Event "44th Chess Olympiad Open 2022"]
[Site "Chennai"]
[Date "2022.07.29"]
[Round "1.53"]
[White "Sousa, Andre Ventura"]
[Black "Croes, Octavio"]
[Result "1-0"]
[WhiteElo "2420"]
[BlackElo "1794"]
[Annotator "TA"]
[PlyCount "101"]
[EventDate "2022.??.??"]
[TimeControl "60"]

1. e4 c5 2. Nf3 Nc6 3. Bb5 g6 4. Bxc6 dxc6 5. d3 Bg7 6. O-O Nf6 7. Re1 O-O {
[%emt 0:00:55] B31: Sicilian: 2...Nc6 3 Bb5 g6.} 8. a4 Bg4 9. Nbd2 {[%emt 0:02:08] [#]} e5 $146 {[%emt 0:03:32] The
position is equal.} ({Predecessor:} 9... Ne8 10. h3 Bxf3 11. Nxf3 Nc7 12. Bf4
Bxb2 13. Rb1 Bc3 14. Bd2 Bxd2 15. Qxd2 b6 {0-1 (67) Vatter,H (2265)-Meins,G 
(2460) Baunatal 1997}) 10. h3 Bxf3 11. Nxf3 Qd6 12. a5 Rfd8 13. b3 b6 14. Be3 Ne8 15. Nd2 b5 16. Rf1 Nc7 17.
h4 Ne6 18. Nf3 Nd4 19. h5 f5 20. Nxd4 ({Better is} 20. hxg6 $14 hxg6 21. Bxd4 cxd4 22. exf5) 20...
cxd4 $11 21. Bg5 Bf6 (21...
Rf8 {should be considered.}) 22. Bxf6 Qxf6 23. hxg6 hxg6 24. exf5 gxf5 25. Qh5 {[%emt 0:04:31] And now Rae1 would win.} (25. f4 $5 ) 25... Kg7 {[%emt 0:02:57] Hoping for ... Rh8.} 26. f4 e4 (26... Rh8 $11 {keeps the balance.} 27. fxe5 Rxh5
28. exf6+ Kxf6) 27. dxe4 $16 fxe4 28. f5 {
[%emt 0:01:29] White is more active.} (28. Rae1 $16 Rd5 29. Qg4+ Qg6 30. Qxg6+
Kxg6 31. Rxe4) 28... Rh8 $1 $11 ({Much less strong is} 28...
Kf8 29. Rae1 e3 30. Rf4 $16) 29. Qg4+ Kf7 {[%emt 0:00:09] [#]
Strongly threatening ...Rh4.} 30. Qxe4 (30. Rad1 $5 ) 30... Rae8 31. Qg4 Rh4 32. Qg3 {[%emt 0:00:15] Threatens to win with Rae1. Chess con chili.} Reh8
$2 {[%emt 0:04:52] [#]} (32... Qh6 $11 {and Black has nothing to worry.} 33.
Qg6+ Qxg6 34. fxg6+ Kxg6) 33. Qc7+ $1 $18 Kg8 {[%emt 0:00:12]
( -> ...Rh1+)} 34. Qb8+ Qf8 35. Qxf8+ Kxf8 {[%emt 0:00:10] Endgame KRR-KRR} 36. Rae1 R8h6 37. Rf3 Kf7 (37... c5
$142 38. Re5 Rh1+ 39. Kf2 Rc6) 38. Kf2 a6 39.
Re5 Rh1 (39... Rg4 $142 40. Rh3 Rxh3 41. gxh3
Rh4) 40. Rc5 Ke7 41. Rf4 ({
Not} 41. f6+ Rxf6 42. Rxf6 Kxf6 $16) 41... Rd6 42. Ke2 Ra1 43. g4 Kf6 44. Rf2 Rxa5 $2 {[%emt 0:00:00]
Loses the game.} (44... Rg1 $16) 45. g5+ Kf7 46. Kd3 Ra1 47. g6+ Kf6 (47... Kg7 $142 48. Rh2 Rd1+ 49. Ke2 Rg1 50. Rh7+ Kg8) 48. Rg2 Kg7 49. Re5 {[%emt 0:00:00] Prevents Re1.
Black must now prevent Re7+.} Rd7 {[%emt 0:00:00] Inhibits Re7+.} 50. Re6 {
[%emt 0:00:00] Intending f6+ and mate.} c5 51. f6+ {[%emt 0:
00:00] Weighted Error Value: White=0.15 (very precise) /Black=0.62} 1-0

[Event "44th Chess Olympiad Open 2022"]
[Site "Chennai"]
[Date "2022.07.29"]
[Round "1.53"]
[White "Santos, Jose Guilherme B Li"]
[Black "Stetsenko, Ilya"]
[Result "1-0"]
[WhiteElo "2361"]
[BlackElo "1683"]
[Annotator "ChessBase"]
[PlyCount "74"]
[EventDate "2022.??.??"]
[TimeControl "60"]

1. c4 e5 2. Nc3 Bb4 3. Qc2 Nf6 4. Nf3 Bxc3 5. Qxc3 d6 6.
g3 O-O 7. Bg2 c6 8. O-O Nbd7 9. b3 Re8 10. Ba3 Nf8 11. Rfe1 Rb8 12. Rac1 Ne6 13. d3 b6 14. e3 Bb7 15. d4 e4 16. Nh4 g6 17. f3 exf3 18.
Nxf3 Ne4 19. Qc2 d5 20. Ne5 f6 21. Nd3 f5 22. Ne5 Rc8 23.
Rf1 N4g5 24. g4 fxg4 25. Nxg4 Ne4 26. Bxe4 dxe4 27. Nf6+ Kg7 28. Nxe8+ Qxe8 29. Qxe4 Ng5 30. Qg2 Qxe3+ 31.
Kh1 Re8 32. Bb4 Bc8 33. Rce1 Bh3 34. Qxc6 Bxf1 35. Rxe3 Rxe3 36. Qc7+ Kh6 37. Qf4 Rf3 1-0

[Event "44th Chess Olympiad Open 2022"]
[Site "Chennai"]
[Date "2022.07.29"]
[Round "1.53"]
[White "Van den Brink, Peter"]
[Black "Ferreira, Jorge Viterbo"]
[Result "0-1"]
[WhiteElo "2167"]
[BlackElo "2499"]
[Annotator "TA"]
[PlyCount "92"]
[EventDate "2022.??.??"]
[TimeControl "60"]

1. e4 c5 2. c3 d6 3. d4 Nf6 4. Bd3 cxd4 5. cxd4 g6 6. Nc3 Bg7 7. Nge2 O-O 8. O-O Nc6 9. h3 e5 10. Be3 (10. d5 $5 Nb4 11. Bb1 $14) 10... d5 {[%emt 0:07:23]
B07: Pirc Defence: Miscellaneous Systems.} 11. exd5 Nxd5 12. Nxd5 Qxd5 {[%emt 0:00:09] The position is
equal.} 13. Nc3 Qa5 14. d5 Nd4 15. a3 Bd7 16. b4 Qd8 17. Rc1 Rc8 18. Bxd4 exd4 19.
Ne2 (19. Ne4 $15) 19... Qg5 $17 {[%emt 0:04:08][%csl Yd5,Yh3]
[#]} 20. Be4 $146 ({Predecessor:} 20. Rxc8 Rxc8 21. Be4 Bxh3
22. f4 Qe7 23. Qd3 Bg4 24. Nxd4 Qf6 25. Nc2 Qb6+ 26. Kh1 Bd7 27. Rf3 f5 28. Ne3
Bb5 29. Qb1 fxe4 30. Qxe4 Re8 {0-1 (30) Von Nordheim,T-Eder, P (2180) Germany
1996}) 20... Bxh3 {[%emt 0:07:57] Black is more active.} 21. Qd3 (21. Nxd4 $17 {was necessary.} Bxd4 22. Rxc8 Bxf2+ 23. Kxf2 (23. Rxf2 Rxc8
24. Qd2 Rc1+ 25. Kh2 Qe5+ 26. Qf4 Qxf4+ 27. Rxf4 Bd7 $17) 23... Bxc8 24. Bf3)
21... Rxc1 22. Rxc1 Bg4 {[%emt 0:00:15] [#]
White must now prevent ...Bxe2. A strong pair of Bishops.} 23. f3 Bc8 {[%emt 0:06:10] Hoping for ...f5.} 24. f4 Qf6 25. Rc4 (25. Rd1 {was the only defense.})
25... Bg4 $19 26. Bf3 Bxf3 27. Qxf3 Qa6 28. Qb3 Qb5 29. Nxd4 Qxd5 30. Nf3 (30. Ne2 $142) 30... b5 31. Rc3 Qe4 32. Rc5 Bd4+ ({
Don't blunder} 32... Qxf4 $2 33. Qd3 $19) 33. Nxd4 Qxd4+ {
[%emt 0:00:06] Endgame KQR-KQR} 34. Kh2 Qxf4+ 35. Qg3 Qxg3+ 36. Kxg3 {[%emt 0:00:02] KR-KR}
Rd8 37. Rxb5 Rd3+ 38. Kf4 Rxa3 39. Ke5 Kg7 40. Kd6 $2 (40. Kf4) 40... h5 41. Kc6 h4 {[%emt 0:00:44] [#] And now ...
Rg3 would win.} 42. Rc5 Ra2 43. Kb7 Rxg2 {[%emt 0:00:00] ( -> ...h3)} 44. Kxa7 h3 45. Rc3 h2 46. Rh3 Rb2 {[%emt 0:00:00] Weighted Error Value: White=0.74/Black=0.06 
(flawless)} 0-1

[Event "44th Chess Olympiad Open 2022"]
[Site "Chennai"]
[Date "2022.07.29"]
[Round "1.53"]
[White "Pesqueira, Jose"]
[Black "Veiga, Jose Francisco R P "]
[Result "0-1"]
[WhiteElo "1809"]
[BlackElo "2378"]
[Annotator "TA"]
[PlyCount "50"]
[EventDate "2022.??.??"]
[TimeControl "60"]

1. e4 e5 2. Nf3 Nc6 3. Bb5 a6 4. Ba4 Nf6 5. O-O Be7 6. d3 b5 7. Bb3 d6 8. c3 O-O 9. Nbd2 Na5 10. Bc2 c5 11.
Re1 Nc6 12. Nf1 Re8 {
[%emt 0:01:44] 12...h6 gains popularity.} 13. Ng3 g6 {[%emt 0:
00:00] C90: Closed Ruy Lopez with 7...d6: Early deviations.} 14. a4 Bb7 15. d4 {[%emt 0:13:35] [#]} Qc7 $146 ({Black should play} 15... exd4 $11 16. cxd4 Nxd4) ({Predecessor:} 15...
cxd4 16. cxd4 Nxd4 17. Nxd4 exd4 18. Qxd4 Rc8 19. Bd3 d5 20. e5 Ne4 21. b4 a5 {
½-½ (149) Lobanov,S (2483)-Sanal,V (2597) Tallinn 2019}) 16. d5 $14 Nb8 17. h3 Nbd7 18.
Bh6 Kh8 (18... c4 $11 {remains
equal.}) 19. Ng5 $16 Kg8 20. Nf3 (20. Rf1 $16) 20... Bf8 (20... Kh8 $11) 21. Qd2 $14 Bxh6 22. Qxh6 Reb8 23. a5 c4 24. Ng5 Qd8 25. Nh5 $2 {[%emt 0:07:18] [#]} gxh5 {[%emt 0:00:00]
Weighted Error Value: White=0.60/Black=0.25 (precise)} 0-1

[Event "44th Chess Olympiad Open 2022"]
[Site "Chennai"]
[Date "2022.07.29"]
[Round "1.54"]
[White "Pasko, Llambi"]
[Black "Martyr, Reginald"]
[Result "1-0"]
[WhiteElo "2418"]
[BlackElo "2194"]
[Annotator "ChessBase"]
[PlyCount "65"]
[EventDate "2022.??.??"]
[TimeControl "60"]

1. d4 d5 2. c4 dxc4 3. e3 Nf6 4. Bxc4 e6 5. Nf3 c5 6. O-O a6 7. dxc5 Bxc5 8. Qe2 b5 9. Bd3 Bb7 10. Bxb5+ Nbd7 11. Bd3 g5 12. Rd1 g4 13. Nfd2 Qc7 14. Nc3 Bd6 15. Nf1 h5 16. e4 Rg8 17. Be3 h4 18.
Rac1 Qb8 19. Bc2 Bc6 20. Ba4 Bxa4 21. Nxa4 Qb5 22. Qxb5 axb5 23. Nc3 Be5 24. Nxb5 Rxa2 25. Na7 Rxa7 26. Bxa7 Bxb2 27. Rc8+ Ke7 28. Rxg8 Nxg8 29. Bd4 Bxd4 30. Rxd4 Ne5 31. Nd2 f5 32. exf5 exf5 33. Nc4 1-0

[Event "44th Chess Olympiad Open 2022"]
[Site "Chennai"]
[Date "2022.07.29"]
[Round "1.54"]
[White "Mehmeti, Dritan"]
[Black "Mathurin, Nathaniel"]
[Result "1-0"]
[WhiteElo "2371"]
[BlackElo "1722"]
[Annotator "TA"]
[PlyCount "61"]
[EventDate "2022.??.??"]
[TimeControl "60"]

1. d4 Nf6 2. Bg5 Ne4 3. Bf4 d5 4. e3 c5 5. Bd3 Nc6 6. Bxe4 {[%emt 0:00:00] A45:
Trompowsky Attack.} dxe4 7. d5 $1 g5 8. Bg3 {[%emt 0:09:36] White is slightly better.} (8. Bxg5 $5 Rg8 9. Bf4 $11) 8... Bg7 9. Nc3 {[%emt 0:02:14]
[#]} (9. dxc6 $2 Qxd1+ 10. Kxd1 Bxb2 $19) (9. c3 $5 Na5 10. Na3
$11) 9... Ne5 $146 (9... Bxc3+ $5 10. bxc3 Na5 $11) ({
Predecessor:} 9... Nb4 10. Qd2 O-O 11. Nge2 Bg4 12. a3 Bxe2 13. Kxe2 Bxc3 14.
Qxc3 Nxd5 15. Qe5 e6 {0-1 (35) Kleibel,U (2148)-Wertjanz,D (2267) Braunau 2013}
) 10. Nge2 f5 11. h4 Nc4 12. b3 {[%emt 0:18:42] [#]} (12. hxg5 $14 Nxb2 13. Qb1) 12...
Qa5 $1 $15 13. bxc4 {[%emt 0:00:30] Hoping for Qd2.} (13. O-O
Nd6) 13... Bxc3+ 14. Kf1 g4 (14... Bxa1 $2 15. Qxa1 Rg8 16. hxg5 $18) 15. Rb1 {[%emt 0:00:
00] Inhibits Qb4.} ({Of course not} 15. Nxc3 Qxc3 16. Kg1 Kf7 $17) (15. Kg1 $11
{remains equal.}) 15... Bg7 (15... Bf6 $17 16. Rb5 Qa3) 16. h5 (16. Rb5 $15 Qxa2 17. Rxc5) 16... Qxa2 $17 17. h6 Bf6 18. Kg1 Qxc4 19. Nf4 O-O 20. Bh4 (20. d6 $142) 20... b5 ({Black should play} 20... Qa6
$17 {And now ...Bxh4 would win.} 21. Qd2 Bxh4 22. Rxh4 Qf6) 21. Bxf6 (21. d6 $1 $15 Rd8 22. Qd5+ (22. Bxf6 Rxd6 23. Qxd6 exd6 $17) 22...
Qxd5 23. Nxd5 Bxh4 24. Rxh4) 21... Rxf6 (21... exf6 $142 22.
d6 Bd7) 22. Rh5 Rb8 (22... b4 $17 {aiming
for ...Kf7.} 23. Ra1 Kf7) 23. Rb3 $11 Rbb6 24. Qa1 {[%emt 0:00:54] Black must now prevent Rg5+.} Qxc2 25.
Ra3 a6 {[%emt 0:03:53] ...b4 is the strong threat.} (25...
Rxh6 $2 26. Rxa7 c4 27. Rxe7 $18) 26. Rg5+ Kf8 {[%emt 0:00:00]
Strongly threatening ...b4.} 27. Nh5 {[%emt 0:01:19] Dancing on a razor blade.}
b4 28. Ra2 {[%emt 0:01:52] [#]} (28. Nxf6 $11 Rxf6 29. Rxa6
Bxa6 30. Rxf5) 28... b3 $2 (28... Qd3 $1 $15 29. Qe5 g3 $1 30.
Nxg3 Rbd6) 29. Rxc2 $18 bxc2 {[%emt 0:00:01] [#]} 30. Kh2 $1 (30. Qc1 Rb1 31. Kh1 Rxc1+ 32. Kh2 Rxh6 33. d6 Rb1 34. Kg3 c1=Q
$19) 30... Rb1 31. Qa5 {[%emt 0:01:04] Weighted Error Value:
White=0.24 (precise) /Black=0.47} (31. Qe5 $142 c1=Q 32. d6 Qh1+ 33. Kg3 f4+
34. Nxf4 Qh3+ 35. gxh3 Rg1+ 36. Kh4) 1-0

[Event "44th Chess Olympiad Open 2022"]
[Site "Chennai"]
[Date "2022.07.29"]
[Round "1.54"]
[White "Sixtus Gabriel"]
[Black "Ashiku, Franc"]
[Result "0-1"]
[WhiteElo "1787"]
[BlackElo "2422"]
[Annotator "ChessBase"]
[PlyCount "78"]
[EventDate "2022.??.??"]
[TimeControl "60"]

1. e4 e5 2. Nf3 Nc6 3. Bc4 Bc5 4. O-O Nf6 5. d3 h6 6. a4 a6 7. Nc3 d6 8. h3 g5 9. Nh2 g4 10. hxg4 Rg8 11. g5 hxg5 12. Be3 g4 13. Bxc5 dxc5 14. Qd2 Rg6 15. Qe3 Qd6 16. Ne2 Nd4 17. Rac1 Nxe2+ 18. Qxe2 Be6 19. Bxe6 fxe6 20. g3 O-O-O 21. Kg2 Rh8 22. f3 gxf3+ 23. Nxf3 Nh5 24. Qe3 Nxg3 25. Kf2 Nxf1 26. Rxf1 Rh3 27. Rg1 Rxg1 28. Kxg1 Qf8 29. Kg2 Rh5 30. Qf2 Rh7 31. Kf1 Qf4 32. Qg2 Rh8 33. b3 Qe3 34. Qf2 Rh1+ 35.
Kg2 Qc1 36. Nxe5 Rh8 37. Nf3 Rg8+ 38. Kh2 Qf4+ 39. Kh1 Rg3 0-1

[Event "44th Chess Olympiad Open 2022"]
[Site "Chennai"]
[Date "2022.07.29"]
[Round "1.55"]
[White "Sipila, Vilka"]
[Black "Egbe, Kossi Thierry"]
[Result "1-0"]
[WhiteElo "2416"]
[BlackElo "1703"]
[Annotator "ChessBase"]
[PlyCount "93"]
[EventDate "2022.??.??"]
[TimeControl "60"]

1. e4 e5 2. Nf3 Nc6 3. Bb5 a6 4. Ba4 Nf6 5. O-O d6 6. c3 Be7 7. d4 b5 8. Bb3 Bg4 9. Be3 O-O 10. Nbd2 d5 11. exd5 Nxd5 12. h3 exd4 13. cxd4 Bh5 14. Rc1 Na5 15. g4 Nxe3 16. fxe3 Bg6 17. Bc2 Bg5 18. Re1 Re8 19. Nxg5 Qxg5 20. Qf3 c6 21. b4 Nc4 22. Nxc4 bxc4 23. Bxg6 Qxg6 24. Rxc4 Re6 25. Rec1 Rf8 26.
Rxc6 Qd3 27. R6c3 Qd2 28. Qf2 Qxf2+ 29. Kxf2 f5 30. gxf5 Rxf5+ 31. Ke2 Rh5 32. Rc8+ Kf7 33. Rf1+ Kg6 34. Rf3 Rg5 35. Kd3 Rg2 36. Rc2 Rg1 37. Rc5 Rd1+ 38. Kc4 Rb1 39. a3 Ra1 40. Kd5 Rb6 41. e4 Rd1 42. e5 h6 43. Rg3+ Kh7 44. Rc7 Rb5+ 45. Ke4 Re1+ 46. Kd3 Rd1+ 47. Ke2 1-0

[Event "44th Chess Olympiad Open 2022"]
[Site "Chennai"]
[Date "2022.07.29"]
[Round "1.55"]
[White "Koykka, Pekka"]
[Black "Tchouka, Yakini"]
[Result "1-0"]
[WhiteElo "2361"]
[BlackElo "1934"]
[Annotator "TA"]
[PlyCount "53"]
[EventDate "2022.??.??"]
[TimeControl "60"]

1. Nf3 Nf6 2. g3 g6 3. Bg2 Bg7 4. O-O O-O 5. c4 c5 6. Nc3 Nc6 7. a3 d5 8. cxd5 Nxd5 9. Qc2 {[%emt 0:
00:00] A34: Symmetrical English: 2 Nc3, lines with ...d5.} Nxc3 (9... Bg4 {looks sharper.} 10. e3 Qd7 11. Ng5 Nc7) 10. dxc3 Qc7 11. Be3 {[%emt 0:10:10] The position is equal.} b6 12. Bf4 e5 {[%emt 0:20:59] [#]} (12... Qd7 $14
) 13. Nxe5 $1 $16 Bxe5 14. Bxe5 Qxe5 15. Bxc6 Bf5 16.
e4 {[%emt 0:03:36] [#]} Bh3 $146 ({Predecessor:} 
16... Rac8 17. f4 Qe6 18. Bb7 Qe7 19. Bxc8 Bxc8 20. Rad1 Bb7 21. e5 Ba8 22. c4
b5 {1-0 (30) Fos Santacreu,J (2225)-Del Valle Domenech,R Cullera 1996}) 17.
Rfe1 Rad8 18. Bd5 Rxd5 (18... Kg7 $16 19. Rad1 f6) 19. exd5 Qxd5 20. Qe4 {[%emt 0:01:24] Inhibits Qg2+.}
Qb3 21. Re2 Rd8 22. Rae1 {
[%emt 0:04:47] Qh4 is the strong threat.} Be6 23. h4 h5 24. Qc2 Qd5 {[%emt 0:00:00] [#]} (
24... Qxc2 25. Rxc2 Kg7) 25. Rxe6 $1 $18 {[%emt 0:01:16] White is clearly
winning.} fxe6 (25... Kg7 26. Re7) 26. Qxg6+ Kf8 27. Rxe6 {[%emt 0:01:21] White took control after the
opening. Weighted Error Value: White=0.12 (very precise) / Black=0.32} 1-0

[Event "44th Chess Olympiad Open 2022"]
[Site "Chennai"]
[Date "2022.07.29"]
[Round "1.55"]
[White "Strovsky, Mikhail"]
[Black "Nyysti, Sampsa"]
[Result "0-1"]
[WhiteElo "2158"]
[BlackElo "2363"]
[Annotator "ChessBase"]
[PlyCount "80"]
[EventDate "2022.??.??"]
[TimeControl "60"]

1. e4 c5 2. Nf3 e6 3. b3 b6 4. Bb2 Bb7 5. d3 Nf6 6. g3 d5 7. exd5 Qxd5 8. Bg2 Be7 9. O-O O-O 10. Nc3 Qd7 11. Ne5 Qc7 12. Bxb7 Qxb7 13. Qf3 Qxf3 14. Nxf3 Nc6 15. a3 Rac8 16. Rac1 Rfd8 17. Rfe1 Ne8 18. Kg2 Bf6 19. Ba1 Nc7 20. a4 Nb4 21. Ne5 Bxe5 22. Rxe5 f6 23. Re2 Kf7 24. Rce1 e5 25. Bb2 Ne6 26. Rd2 Nd4 27. Rc1 a6 28. Ne4 Ndxc2 29. Rcxc2 Nxc2 30. Rxc2 Rxd3 31. Nc3 a5 32. Nb5 Ke6 33. Bc3 c4 34. b4 Rxc3 35.
Rxc3 axb4 36. Rc1 c3 37. Kf1 c2 38. Ke2 b3 39. Kd2 b2 40.
Rxc2 Rd8+ 0-1

[Event "44th Chess Olympiad Open 2022"]
[Site "Chennai"]
[Date "2022.07.29"]
[Round "1.55"]
[White "Amega-Dzaka, Komi Nukunu"]
[Black "Sklyarov, Dmitry V."]
[Result "0-1"]
[WhiteElo "1639"]
[BlackElo "2474"]
[Annotator "TA"]
[PlyCount "86"]
[EventDate "2022.??.??"]
[TimeControl "60"]

1. d4 g6 2. Nf3 Bg7 3. c3 d6 4. Bg5 h6 5. Bh4 Nf6 6. e3 {
[%emt 0:02:00] A40: Unusual replies to 1 d4.} Nbd7 7. Bc4 b6 8. Nbd2 {[%emt 0:19:03] White has an edge.}
Bb7 {[%emt 0:00:14] [#]} 9. Qb3 $146 ({Predecessor:} 9. O-O
O-O 10. Qe2 e6 11. e4 d5 12. Bd3 dxe4 13. Nxe4 Qc8 14. Nxf6+ Nxf6 15. Rad1 {
0-1 (40) Zimmermann,R (2045)-Meissner,F (2291) Playchess.com INT 2020}) 9...
O-O 10. O-O c5 11. dxc5 Nxc5 12. Qc2 e6 13. Rfd1 Qe7 14. Be2 Rfd8 15. Rac1 Rac8 16. b4 Ncd7 17. Qa4 a6 18. Bxa6 Ra8 19. b5 Nc5 20. Qb4 {[%emt 0:02:28]
This costs White the game.} (20. Qc4 $17) 20... Nd3 $19 ({
Stronger than} 20... Nxa6 21. bxa6 Rxa6 22. Bxf6 Bxf6 23. Ne4 $17) 21. Qa3 Nxc1 ({But not} 21... g5 $2 22. Bg3 $19) 22.
Rxc1 Bxa6 23. bxa6 Qa7 24. Nc4 Qxa6 ({Don't go for} 
24... g5 $2 25. Bg3 $19) 25. Qb3 b5 26. Ncd2 Qxa2 {[%emt 0:00:15] [#] And now ...g5 would win.} 27. Qxb5 (27. Bxf6 $142 Bxf6 28. Qxb5) 27... g5 28. Bg3 g4 29. Bh4 gxf3 30. Nxf3 Rab8 31. Qd3 Rdc8 32. Qxd6 Rb1 33. Qd1 Rxc1 34. Qxc1 Rb8 {[%emt 0:
00:10] [#] ( -> ...Rb1)} 35. g4 Rb1 36. Qf1 Rxf1+ 37. Kxf1 Qc4+ 38. Ke1 Ne4 {[%emt 0:00:00] Black mates.} 39. h3 Bxc3+ 40. Kd1 Qd3+ 41. Kc1 Nc5 42. Nd2 Qxd2+ 43. Kb1 Qb2# {[%emt 0:
00:00] Weighted Error Value: White=1.03/Black=0.18 (very precise)} 0-1

[Event "44th Chess Olympiad Open 2022"]
[Site "Chennai"]
[Date "2022.07.29"]
[Round "1.56"]
[White "Goh, Wei Ming Kevin"]
[Black "Cisse, Amadou Lamine"]
[Result "1-0"]
[WhiteElo "2453"]
[BlackElo "2005"]
[Annotator "ChessBase"]
[PlyCount "72"]
[EventDate "2022.??.??"]
[TimeControl "60"]

1. e4 g6 2. d4 Bg7 3. Bc4 c6 4. Bb3 d6 5. Nf3 e6 6. O-O Ne7 7. c3 O-O 8. Re1 d5 9. e5 h6 10. Bc2 a5 11. Nbd2 c5 12. dxc5 Na6 13. Nb3 a4 14. Nbd4 Bd7 15. Bf4 Nxc5 16. Qd2 Kh7 17. h4 a3 18. b3 Ne4 19. Bxe4 dxe4 20. Rxe4 Nd5 21. c4 Ne7 22. Rd1 Bc6 23. Nxc6 Qxd2 24. Rxd2 Nxc6 25. Nd4 Na5 26. Re1 Rfd8 27. Nb5 Bf8 28. Nd6 Rd7 29. b4 Nc6 30. b5 Nd8 31. Red1 Ra4 32. Be3 Bg7 33. f4 f6 34. exf6 Bxf6 35.
Ne4 Rd3 36. Rc2 Rd2 1-0

[Event "44th Chess Olympiad Open 2022"]
[Site "Chennai"]
[Date "2022.07.29"]
[Round "1.56"]
[White "Gong, Qianyun"]
[Black "Badji, Sekou Aransbene"]
[Result "1-0"]
[WhiteElo "2275"]
[BlackElo "1732"]
[Annotator "ChessBase"]
[PlyCount "81"]
[EventDate "2022.??.??"]
[TimeControl "60"]

1. e4 d6 2. d4 c6 3. Nc3 Qc7 4. f4 e5 5. Nf3 Bg4 6. Be3 Nd7 7. h3 Bxf3 8.
Qxf3 Ngf6 9. Bc4 b5 10. Bb3 a5 11. a4 b4 12. Ne2 Be7 13.
O-O O-O 14. Rad1 c5 15. c3 c4 16. Bc2 b3 17. Bb1 Qc6 18.
Ng3 g6 19. fxe5 dxe5 20. d5 Qxa4 21. d6 Bd8 22. Bh6 Re8 23.
Nf5 Qc6 24. Ne3 Bb6 25. Kh2 Bxe3 26. Bxe3 Re6 27. g4 Rxd6 28. Rxd6 Qxd6 29. g5 Nh5 30. Qxf7+ Kh8 31. Qxc4 Qa6 32. Bd3 Qd6 33. Be2 Nf4 34. Rxf4 exf4 35. Bd4+ Ne5 36. Qb5 Kg8 37. Bc4+ Nxc4 38. Qxc4+ Kf8 39. Bc5 Rd8 40. Bxd6+ Rxd6 41. Qc5 1-0